 Dungeon Crawl Stone Soup version 0.17.0-27-g4a3f43e (webtiles) character file.

46 matakusis the Ducker (level 3, -3/27 HPs)
             Began as a Demonspawn Gladiator on Nov 21, 2015.
             Was a Follower of Ashenzari.
             Killed from afar by Natasha (9 damage)
             ... with a magic dart
             ... on level 2 of the Dungeon.
             The game lasted 00:09:37 (1384 turns).

matakusis the Ducker (Demonspawn Gladiator)         Turns: 1384, Time: 00:09:38

Health: -3/27      AC:  9    Str: 15    XL:     3   Next: 44%
Magic:  3/3        EV:  9    Int:  9    God:    Ashenzari [*.....]
Gold:   116        SH:  9    Dex: 14    Spells: 0 memorised, 2 levels left

rFire  + . .     SeeInvis .     a - +0 war axe
rCold  . . .     Clarity  .     g - +0 ring mail {rF+}
rNeg   . . .     SustAt   .     s - +2 shield {rPois}
rPois  +         Gourm    .     c - +0 helmet
rElec  .         Spirit   .     (no cloak)
rCorr  .         Warding  .     (no gloves)
rMut   .         Stasis   .     m - +0 pair of boots
MR     .....                    (no amulet)
Stlth  +.........               (no ring)
                                k - ring of wizardry

@: not resistant to hostile enchantments, very unstealthy
A: thin metallic scales 1
a: Scrying, Renounce Religion


You were on level 2 of the Dungeon.
You worshipped Ashenzari.
Ashenzari was aware of your devotion.
You were not hungry.

You visited 1 branch of the dungeon, and saw 2 of its levels.

You collected 116 gold pieces.

Inventory:

Hand Weapons
 a - a +0 war axe (weapon)
Missiles
 d - 3 throwing nets (quivered)
Armour
 b - a +0 leather armour
 c - a +0 helmet (worn)
 g - a +0 ring mail of fire resistance (worn)
 m - a +0 pair of boots (worn)
 s - a +2 shield of poison resistance (worn)
Magical Staves
 u - an uncursed staff of power
Jewellery
 k - a ring of wizardry (left hand)
Scrolls
 f - a scroll of enchant weapon {unknown}
 i - a scroll of teleportation {unknown}
 l - 2 scrolls of identify {unknown}
 n - 2 scrolls of remove curse
 q - a scroll of noise {unknown}
 t - a scroll of random uselessness {unknown}
 v - a scroll of amnesia {unknown}
Potions
 j - 2 potions of resistance {unknown}
 o - a potion of lignification {unknown}
 p - a potion of agility {unknown}
 r - a potion of mutation {unknown}
Comestibles
 e - 2 bread rations
 h - a meat ration
 w - 2 chunks of flesh


   Skills:
 + Level 2.2 Fighting
 + Level 3.0 Axes
 + Level 1.9 Throwing
 * Level 3.5 Dodging
 * Level 0.5 Shields


You had 2 spell levels left.
You didn't know any spells.

Dungeon Overview and Level Annotations

Branches:
Dungeon (2/15)

Altars:
Ashenzari
Fedhas

Annotations:
D:2 Natasha


Innate Abilities, Weirdness & Mutations

You are partially covered in thin metallic scales (AC +2).


Message History

The white imp is severely wounded.
You block the white imp's attack.
Natasha wildly gestures.
Natasha glows brightly for a moment.
Natasha claws you! The white imp hits you.
* * * LOW HITPOINT WARNING * * *
The white imp freezes you.
* * * LOW HITPOINT WARNING * * *
You closely miss Natasha.
Natasha is heavily wounded.
You hit the white imp but do no damage.
The white imp is severely wounded.
The white imp disappears in a puff of smoke!
You block Natasha's attack. Natasha barely misses you.
Unknown command.
You barely miss Natasha.
Natasha is heavily wounded.
Natasha casts a spell at you. The magic dart hits you!
You die...

....# ##. .##.##
... .#.#.## #.#
..###÷# #.# .#.#.##
#.# .##.########
#.# ...........#
#5#
##########.######h#
#......@§#
##########


You could see Natasha and a shadow imp.

Vanquished Creatures
  2 worms (D:2)
  A giant gecko (D:2)
  2 giant cockroaches (D:2)
  5 hobgoblins
  3 jackals (D:1)
  A quokka (D:2)
  6 bats
  2 giant newts
  6 goblins
  7 kobolds
  4 rats
39 creatures vanquished.

Notes
Turn   | Place    | Note
--------------------------------------------------------------
     0 | D:1      | matakusis the Demonspawn Gladiator began the quest for the Orb.
     0 | D:1      | Reached XP level 1. HP: 16/16 MP: 1/1
   360 | D:1      | Reached skill level 3 in Dodging
   445 | D:1      | Gained mutation: You are partially covered in thin metallic scales (AC +2). [demonic ancestry]
   445 | D:1      | Reached XP level 2. HP: 17/22 MP: 2/2
   924 | D:2      | Reached XP level 3. HP: 27/27 MP: 3/3
   962 | D:2      | Found a blossoming altar of Fedhas.
  1211 | D:2      | Found a faded altar to an unknown god.
  1249 | D:2      | Became a worshipper of Ashenzari the Shackled
  1249 | D:2      | Reached * piety under Ashenzari
  1362 | D:2      | Noticed Natasha
  1384 | D:2      | Killed from afar by Natasha

Action                   || total
-------------------------++-------
Melee: War axe           ||   166
  Eat: Chunk             ||     2
